 Dungeon Crawl Stone Soup version 0.24-a0-335-g06ca16a (webtiles) character file.

Game seed: 8657458482646136277

319 Borgoz the Chopper (level 6, -9/52 HPs)
             Began as a Hill Orc Gladiator on May 18, 2019.
             Killed by divine providence
             ... invoked by an orc priest
              (11 damage)
             ... on level 4 of the Dungeon.
             The game lasted 00:04:09 (2286 turns).

Borgoz the Chopper (Hill Orc Gladiator)             Turns: 2286, Time: 00:04:10

Health: -9/52      AC:  8    Str: 18    XL:     6   Next: 46%
Magic:  6/6        EV: 11    Int:  8    God:
Gold:   139        SH:  0    Dex: 13    Spells: 5/5 levels left

rFire    . . .     SeeInvis .   k - +0 hand axe (flame)
rCold    . . .     Gourm    .   (no shield)
rNeg     . . .     Faith    .   m - +0 scale mail
rPois    +         Spirit   .   c - +0 helmet
rElec    .         Reflect  .   e - +0 cloak
rCorr    .         Harm     .   (no gloves)
MR       .....                  (no boots)
Stlth    ..........             (no amulet)
HPRegen  0.17/turn              p - ring of poison resistance
MPRegen  0.10/turn              (no ring)

@: about to teleport, slowed, very slow
A: no striking features
a: Convert to Beogh


You were on level 4 of the Dungeon.
You were not hungry.

You visited 1 branch of the dungeon, and saw 4 of its levels.

You collected 139 gold pieces.

Inventory:

Hand Weapons
 a - a +0 war axe
 k - a +0 hand axe of flaming (weapon)
Missiles
 d - 5 throwing nets (quivered)
Armour
 c - a +0 helmet (worn)
 e - a +0 cloak (worn)
 m - a +0 scale mail (worn)
Jewellery
 p - a ring of poison resistance (left hand)
Scrolls
 h - a scroll of teleportation
 l - a scroll of magic mapping {unknown}
 n - a scroll of noise {unknown}
 r - a scroll of identify
Potions
 b - a potion of mutation
 i - a potion of invisibility {unknown}
 j - a potion of cancellation {unknown}
 o - a potion of brilliance {unknown}
 q - a potion of haste {unknown}
 s - a potion of lignification {unknown}
Comestibles
 f - 3 rations
 t - 6 chunks of flesh


   Skills:
 + Level 4.2 Fighting
 * Level 6.6 Axes
 - Level 1.7 Throwing
 + Level 2.7 Armour
 + Level 3.3 Dodging


You had 5 spell levels left.
You didn't know any spells.
Your spell library was empty.

Dungeon Overview and Level Annotations

Branches:
Dungeon (4/15)
 Temple: D:4-7

Altars:
Cheibriados
Elyvilon
Gozag
Sif Muna
The Shining One


Message History

The orc wizard casts a spell at you.
You feel yourself slow down.
The orc priest invokes the aid of Beogh against you.
Beogh smites you!
* * * LOW HITPOINT WARNING * * *
Found a deep blue altar of Sif Muna.
You are too injured to fight recklessly!
You feel better. The orc hits you but does no damage.
The orc priest mumbles some strange prayers to Beogh against you.
Beogh smites you!
* * * LOW HITPOINT WARNING * * *
The orc hits you with a +2 dagger of venom.
* * * LOW HITPOINT WARNING * * *
Okay, then.
As you read the scroll of teleportation, it crumbles to dust.
You feel strangely unstable. The orc barely misses you.
The orc wizard hits you but does no damage.
The orc priest invokes the aid of Beogh against you.
Beogh smites you!
You die...

##.....#.....#....##.#
#..............##....#
##..#.#.)......###..##_.
#.#####............#...
####........#......#P.
#(.#......###.##....#
##..............#...#
##.....#.....##..#..##
.<.....#........@#o[.#.#
#..........##.....oo...#
####.##.##.#...##.##...#
#####..........## ##
##..........#
###....#...#
#).....##... .
##......##....
#..##.....#


You could see an orc priest and an orc.

Vanquished Creatures
  A bullfrog skeleton (D:4)
  2 orc priests (D:3)
  An orc wizard (D:3)
  Jessica (D:2)
  4 gnolls (D:4)
  5 adders
  An ooze (D:2)
  3 worms (D:2)
  2 leopard geckos
  4 orcs (D:3)
  9 bats
  3 giant cockroaches
  12 goblins
  7 hobgoblins
  2 jackals (D:1)
  9 kobolds
  4 frilled lizards
  A jackal skeleton (D:4)
  A quokka skeleton (D:4)
  8 rats
80 creatures vanquished.

Notes
Turn   | Place    | Note
-------+----------+-------------------------------------------
     0 | D:1      | Borgoz the Hill Orc Gladiator began the quest for the Orb.
     0 | D:1      | Reached XP level 1. HP: 18/18 MP: 1/1
   254 | D:1      | Reached XP level 2. HP: 25/25 MP: 2/2
   582 | D:1      | Reached skill level 1 in Armour
   685 | D:2      | Reached XP level 3. HP: 30/30 MP: 3/3
   990 | D:2      | Noticed Jessica
  1002 | D:2      | Killed Jessica
  1002 | D:2      | Reached skill level 5 in Axes
  1002 | D:2      | Reached XP level 4. HP: 37/38 MP: 4/4
  1110 | D:2      | Found a faded altar of an unknown god.
  1340 | D:3      | Reached XP level 5. HP: 45/45 MP: 5/5
  1362 | D:3      | Reached skill level 6 in Axes
  1368 | D:3      | Reached XP level 6. HP: 19/52 MP: 6/6
  1648 | D:3      | Found a white marble altar of Elyvilon.
  2017 | D:3      | Found an opulent altar of Gozag.
  2212 | D:3      | Found a glowing golden altar of the Shining One.
  2212 | D:3      | Found a snail-covered altar of Cheibriados.
  2283 | D:4      | Found a deep blue altar of Sif Muna.
  2284 | D:4      | HP: 1/52 [orc/+2 dagger of venom (3)]
  2286 | D:4      | Killed from afar by an orc priest

Levels and vault maps discovered:
D:1:      erik_arrival_triangle_medium, layout_basic
D:2:      layout_basic, chequers_ecumenical_altar_simple, uniq_jessica
D:3:      layout_basic, elyvilon_altar_4, nicolae_overflow_hidden_temple,
          first_ration, lemuel_statue_altar
D:4:      layout_cave_pools, gammafunk_temple_overflow_forgotten

Skill      XL: |  1  2  3  4  5  6 |
---------------+-------------------+-----
Armour         | 1 2 |  2.7
Fighting       | 3 4 |  4.2
Axes           | 5 6 |  6.6
Dodging        | 3 |  3.3
Throwing       | |  1.7

Action                   |  1- 3 |  4- 6 || total
-------------------------+-------+-------++-------
Melee: War axe           |     7 |       ||     7
       Hand axe          |    96 |   144 ||   240
  Use: Scroll            |     2 |     4 ||     6
       Potion            |       |     1 ||     1
  Eat: Chunk             |       |     5 ||     5
Armor: Ring mail         |    52 |       ||    52
       Leather armour    |     3 |       ||     3
       Scale mail        |     5 |    57 ||    62
Dodge: Dodged            |    67 |   103 ||   170

Table legend:
 A = Non-vault XP
 B = Vault XP
 C = Vault XP percentage of total XP
 D = Non-vault monster count
 E = Vault monster count
 F = Vault count percentage of total count
                 A         B        C        D         E       F
            +---------+---------+-------+---------+---------+-------
      Total |     420 |      37 |   8.1 |      79 |       1 |   1.2
            +---------+---------+-------+---------+---------+-------
        D:1 |      31 |       0 |   0.0 |      20 |       0 |   0.0
        D:2 |      96 |      37 |  27.8 |      28 |       1 |   3.4
        D:3 |     188 |       0 |   0.0 |      24 |       0 |   0.0
        D:4 |     105 |       0 |   0.0 |       7 |       0 |   0.0
            +---------+---------+-------+---------+---------+-------
